 Dungeon Crawl Stone Soup version 0.31-a0-544-gceb718ecc6 (webtiles) character file.

Game seed: 5692612329017466184

845 lunkers the Grappler (level 8, -2/59 HPs)
             Began as a Meteoran Shapeshifter on Aug 15, 2023.
             Was an Initiate of Ru.
             Killed from afar by a white imp (6 damage)
             ... with a puff of frost
             ... on level 4 of the Dungeon.
             The game lasted 00:07:30 (2057 turns).

lunkers the Grappler (Meteoran Shapeshifter)        Turns: 2057, Time: 00:07:30

Health: -2/59      AC:  6    Str: 17    XL:     8   Next: 44%
Magic:  9/9        EV: 11    Int: 10    God:    Ru [......]
Gold:   334        SH:  0    Dex: 16    Spells: 7/7 levels left

rFire   . .          .
                       - Unarmed
rCold   . . .        (no shield)
rNeg    . . .        i - +1 ring mail
rPois   .            (helmet currently unavailable)
rElec   .            (cloak currently unavailable)
rCorr   .            (gloves currently unavailable)
SInv    .            (boots currently unavailable)
Will    +....        (no amulet)
Stlth   +            g - ring of wizardry
HPRegen 0.29/turn    (no ring)
MPRegen 0.11/turn

%: wizardry (x1)
@: beast-form, glowing
A: beast (slay +4), sense surroundings 1, otherworldly, glowing, explore regen
a: Begin Untransformation, Renounce Religion


You were on level 4 of the Dungeon.
You worshipped Ru.
Ru was noncommittal.
You were a hulking beast.
You visited 1 branch of the dungeon, and saw 5 of its levels.

You collected 334 gold pieces.

Inventory:

Armour
 a - a +0 animal skin
 i - a +1 ring mail (worn)
 o - a +2 pair of boots
Jewellery
 g - a ring of wizardry (left hand)
Talismans
 c - a beast talisman (active)
 d - a flux talisman
Wands
 m - a wand of paralysis (1)
Scrolls
 e - a scroll of immolation
 h - a scroll of fear
Potions
 b - a potion of lignification
 j - 3 potions of curing
 k - a potion of attraction
 n - a potion of invisibility
 p - a potion of degeneration {unknown}


   Skills:
 - Level 1.1 Fighting
 - Level 2.1 Dodging
 * Level 9.3 Unarmed Combat
 + Level 6.2 Shapeshifting


You had 7 spell levels left.
You didn't know any spells.
Your spell library contained the following spells:

 Spells                   Type           Power      Damage    Failure   Level
 Apportation              Tloc           0%         N/A       26%         1
 Necrotise                Necr           0%         1d4       26%         1
 Slow                     Hex            0%         N/A       26%         1
 Summon Small Mammal      Summ           0%         N/A       26%         1
 Wereblood                Tmut           0%         N/A       38%         2
 Confusing Touch          Hex            0%         N/A       61%         3
 Vampiric Draining        Necr           0%         2d6       61%         3
 Agony                    Necr           0%         N/A       99%         5
 Irradiate                Conj/Tmut      0%         3d11      99%         5


Dungeon Overview and Level Annotations

Branches:
Dungeon (5/15) Zot: 972    Temple (0/1) D:4

Altars:
Ashenzari
Ru


Innate Abilities, Weirdness & Mutations

You are a hulking beast.
Your limbs bulge with bestial killing power. (Slay +4)
You passively map a small area around you.
You are easily found by Zot.
You glow in the dark.
You regain HP and MP as you explore.


Message History

The gnoll hits you from afar with a +0 halberd!
The gnoll moves out of view.
A gnoll sergeant comes into view. It is wielding a +0 trident.
You hit the gnoll.
The gnoll is lightly wounded.
You punch the gnoll!
You kill the gnoll!
The gnoll barely misses you.
The gnoll sergeant hits you from afar with a +0 trident!
The gnoll hits you with a +0 halberd!
* * * LOW HITPOINT WARNING * * *
The white imp hits you but does no damage.
Things that are here:
a +0 spear; a throwing net; a gnoll corpse You hit the white imp.
The white imp is heavily wounded.
The gnoll sergeant hits you from afar with a +0 trident.
* * * LOW HITPOINT WARNING * * *
The gnoll hits you with a +0 halberd!
* * * LOW HITPOINT WARNING * * *
The white imp hits you but does no damage.
The gnoll attacks as you move away! The gnoll hits you with a +0 halberd!
* * * LOW HITPOINT WARNING * * *
There is a stone staircase leading up here.
The white imp hits you but does no damage.
You climb upwards.
There is a stone staircase leading down here.
You hit the white imp but do no damage.
The white imp is heavily wounded.
The white imp hits you but does no damage.
You barely miss the white imp.
The white imp is heavily wounded.
The white imp misses you.
You completely miss the white imp.
The white imp is heavily wounded.
You hit the white imp.
The white imp is almost dead.
The white imp gestures at you. The puff of frost hits you.
You die...

..# #.## ##..######.# #.#
#..###.#....# #.# #.#
#.#...##.##.# #.# #.##
#.######.##.# #.# ...#####.#
#.##.###.# .#.......>
#.#...##.##########
.....####.#####).#...#.##......).
....).###.....<5.....)......>.##.
#...#..########.h#...#.##.##.###.
.#.#)...#.......#...##.##.##.# #)
...#..#)..########.###.##.##.# #.
....##....########.# #....##.# #.
..>..........(.....# #######.# #.
#....#..#.########## #.# #.
.#....#....... ###.# #.
.#.#..#.#.###. #####...###.
#..)##..#.# #.....>.†...


You could see a white imp.

Vanquished Creatures
  Pikel (D:4)
  An ogre (D:4)
  3 lemures (D:4)
  Blork the orc (D:4)
  10 adders
  5 gnolls
  2 worms (D:2)
  A dart slug (D:3)
  3 orcs (D:3)
  6 endoplasms
  5 giant cockroaches
  7 goblins
  8 hobgoblins
  9 jackals
  3 kobolds
  5 quokkas
  9 ball pythons
  5 bats
  4 frilled lizards
  5 rats
93 creatures vanquished.

Notes
Turn   | Place    | Note
-------+----------+-------------------------------------------
     0 | D:1      | lunkers the Meteoran Shapeshifter began the quest for the
                  | Orb.
     0 | D:1      | Reached XP level 1. HP: 16/16 MP: 2/2
    51 | D:1      | Reached skill level 4 in Unarmed Combat
    51 | D:1      | Reached XP level 2. HP: 23/23 MP: 3/3
   235 | D:1      | Reached XP level 3. HP: 25/28 MP: 4/4
   403 | D:2      | Reached XP level 4. HP: 35/35 MP: 5/5
   528 | D:2      | Reached skill level 5 in Unarmed Combat
   908 | D:3      | Reached XP level 5. HP: 34/40 MP: 6/6
  1133 | D:3      | Found a broken altar of Ashenzari.
  1361 | D:3      | Reached skill level 6 in Unarmed Combat
  1371 | D:3      | Reached XP level 6. HP: 13/47 MP: 7/7
  1438 | D:4      | Noticed an ogre
  1444 | D:4      | Killed an ogre
  1445 | D:4      | Reached skill level 5 in Shapeshifting
  1520 | D:4      | Noticed Pikel
  1539 | D:4      | Killed Pikel
  1540 | D:4      | Reached skill level 8 in Unarmed Combat
  1540 | D:4      | Reached XP level 7. HP: 36/52 MP: 8/8
  1540 | D:4      | Reached XP level 8. HP: 41/59 MP: 9/9
  1624 | D:4      | Identified the +0 barding of Vuharuf {Int+3}
  1809 | D:4      | Found a sacrificial altar of Ru.
  1910 | D:4      | Became a worshipper of Ru the Awakened
  1954 | D:4      | Found a staircase to the Ecumenical Temple.
  1958 | D:4      | Reached skill level 9 in Unarmed Combat
  1962 | D:4      | Noticed Blork the orc
  1975 | D:4      | Killed Blork the orc
  2042 | D:5      | Entered Level 5 of the Dungeon
  2049 | D:5      | HP: 2/59 [gnoll/+0 halberd[a gnoll sergeant] (11)]
  2057 | D:4      | Killed from afar by a white imp

Illustrated notes

Levels and vault maps discovered:
D:1:      dpeg_arrival_short_road, layout_loops_ring, nicolae_figureground_pulse
D:2:      layout_basic
D:3:      layout_loops_ring, lemuel_coloured_pillars_altar,
          kennysheep_generic_room_6
D:4:      layout_loops_ring, lemuel_doored_altar,
          gammafunk_temple_overflow_pools, minmay_temple_entry_mini_moons,
          kennysheep_crisscross, uniq_pikel, uniq_blork_the_orc
D:5:      layout_loops_ring, nicolae_shop_i_like_big_books,
          grunt_decor_fettered, grunt_ministairs_15, hangedman_feature_mirror,
          uniq_grinder

Skill      XL: |  1  2  3  4  5  6  7  8 |
---------------+-------------------------+-----
Unarmed Combat | 4 5 6 8 9 |  9.3
Shapeshifting  | 4 6 |  6.2
Fighting       | |  1.1
Dodging        | |  2.1

Action                     |  1- 3 |  4- 6 |  7- 9 || total
---------------------------+-------+-------+-------++-------
  Melee: Unarmed           |    74 |   139 |    50 ||   263
         Punch             |     3 |     6 |     1 ||    10
    Use: Scroll            |       |     8 |     3 ||    11
         Potion            |       |     1 |       ||     1
 Armour: Animal skin       |     9 |       |       ||     9
         Ring mail         |       |    27 |    15 ||    42
         Skin              |       |     8 |       ||     8
  Dodge: Dodged            |    38 |    78 |    31 ||   147

Table legend: (Time is in decaauts)
 A = Elapsed time spent in this place.
 B = Non-inter-level travel time spent in this place.
 C = Inter-level travel time spent in this place.
 D = Time resting spent in this place.
 E = Time spent auto-exploring this place.
 F = Levels seen in this place.
 G = Mean time per level.
                   A        B        C        D        E       F      G
               +--------+--------+--------+--------+--------+-----+--------+
         Total |   2026 |   1852 |    174 |     31 |   1235 |   5 |  405.2 |
       Dungeon |   2026 |   1852 |    174 |     31 |   1235 |   5 |  405.2 |
               +--------+--------+--------+--------+--------+-----+--------+

Top non-repeatable levels by time:
     D:4: 608 daAuts
     D:2: 583 daAuts
     D:3: 517 daAuts
     D:1: 307 daAuts
     D:5: 10 daAuts
